 Dungeon Crawl Stone Soup version 0.28.0-47-ge53b351184 (webtiles) character file.

Game seed: 3296311088871392918

6 CryoSword the Slasher (level 1, 0/18 HPs)
             Began as a Demonspawn Monk on May 6, 2022.
             Slain by a jackal (2 damage)
             ... on level 1 of the Dungeon.
             The game lasted 00:00:13 (92 turns).

CryoSword the Slasher (Demonspawn Monk)               Turns: 92, Time: 00:00:14

Health: 0/18       AC:  2    Str: 11    XL:     1   Next: 75%
Magic:  1/1        EV: 12    Int: 11    God:
Gold:   11         SH:  0    Dex: 15    Spells: 0/0 levels left

rFire   . . .      SeeInvis .   a - +0 falchion
rCold   . . .      Faith    .   (no shield)
rNeg    . . .      Spirit   .   b - +0 robe
rPois   .          Reflect  .   (no helmet)
rElec   .          Harm     .   (no cloak)
rCorr   .          Rampage  .   (no gloves)
Will    .....                   (no boots)
Stlth   ++........              (no amulet)
HPRegen 0.06/turn               (no ring)
MPRegen 0.07/turn               (no ring)

@: no status effects
A: no striking features
a: no special abilities


You were on level 1 of the Dungeon.
You visited 1 branch of the dungeon, and saw 1 of its levels.

You collected 11 gold pieces.

Inventory:

Hand Weapons
 a - a +0 falchion (weapon)
Armour
 b - a +0 robe (worn)
Scrolls
 c - a scroll of fog {unknown}
 d - a scroll of identify {unknown}
 e - a scroll of silence {unknown}


   Skills:
 - Level 3.0 Fighting
 + Level 3.1 Long Blades
 - Level 2.6 Dodging
 - Level 1.7 Stealth


You couldn't memorise any spells.
You didn't know any spells.
Your spell library was empty.

Dungeon Overview and Level Annotations

Branches:
Dungeon (1/15)

Altars:


Message History

Welcome, CryoSword the Demonspawn Monk.
It is said that the Orb of Zot exists deep within this dungeon.
Found a scroll labelled RYW RAYDAVAKA.
Found two escape hatches in the floor.
Found a staircase leading out of the dungeon.
c - a scroll labelled RYW RAYDAVAKA
There is a dry fountain here.
A frilled lizard comes into view.
Found 11 gold pieces.
A frilled lizard is nearby!
Found a stone staircase leading down.
The frilled lizard hisses angrily.
Found a scroll labelled SIKKIT EDUYGHA.
The frilled lizard bites you but does no damage.
You slash the frilled lizard!
You kill the frilled lizard!
No target in view!
No target in view!
No target in view!
No target in view!
No target in view!
No target in view!
No target in view!
No target in view!
No target in view!
You see here a frilled lizard corpse.
You now have 11 gold pieces.
You see here a frilled lizard corpse.
d - a scroll labelled SIKKIT EDUYGHA
e - a scroll labelled VIPIUR EGOU Could not explore, unopened door.
No target in view!
You open the door.
Could not explore, unopened door.
Could not explore, unopened door.
You open the door.
A jackal comes into view.
The jackal barks!
A jackal comes into view. x3
There are monsters nearby!
The jackal barks! x3; You hear an angry hiss.
You hit the jackal but do no damage. The jackal bites you.
The jackal barely misses you.
You closely miss the jackal.
A ball python comes into view.
The jackal barely misses you. The jackal bites you.
The ball python moves out of view.
You barely miss the jackal. The jackal bites you.
You hit the jackal. The jackal misses you. The jackal bites you.
You are too injured to fight recklessly!
You are too injured to fight recklessly!
You are too injured to fight recklessly!
You are too injured to fight recklessly!
You are too injured to fight recklessly!
You are too injured to fight recklessly!
You are too injured to fight recklessly!
You are too injured to fight recklessly!
You are too injured to fight recklessly!
You are too injured to fight recklessly!
You are too injured to fight recklessly!
You are too injured to fight recklessly!
You are too injured to fight recklessly!
You are too injured to fight recklessly!
You hit the jackal.
You kill the jackal!
The jackal bites you but does no damage.
You hit the jackal. The jackal closely misses you. The jackal bites you.
You hit the jackal.
You kill the jackal!
You barely miss the ball python. The ball python bites you.
* * * LOW HITPOINT WARNING * * *
The ball python barely misses you. The ball python bites you.
* * * LOW HITPOINT WARNING * * *
The ball python closely misses you.
You hit the ball python. The ball python barely misses you.
The ball python grabs you. The ball python constricts you.
You barely miss the ball python. The ball python closely misses you.
The ball python constricts you.
* * * LOW HITPOINT WARNING * * *
The ball python bites you but does no damage.
The ball python constricts you.
You closely miss the ball python. The ball python barely misses you.
The ball python constricts you.
* * * LOW HITPOINT WARNING * * *
You slash the ball python!
You kill the ball python!
Your Long Blades skill increases to level 3!
You closely miss the jackal. The jackal misses you. The jackal bites you.
* * * LOW HITPOINT WARNING * * *
You slash the jackal!
You kill the jackal!
You barely miss the jackal. The jackal bites you.
You die...

. ##. ... #.#.. .....
#.#.# #h#.# #@#.#
#.#.# #.#'###
#.....#####
#.#.....'...#
#.......###.####
.........#....##>###
###...#..#.####....###
.....#..#.###..⌠....#


You could see a jackal.

Vanquished Creatures
  A ball python (D:1)
  3 jackals (D:1)
  A frilled lizard (D:1)
5 creatures vanquished.

Notes
Turn   | Place    | Note
-------+----------+-------------------------------------------
     0 | D:1      | CryoSword the Demonspawn Monk began the quest for the Orb.
     0 | D:1      | Reached XP level 1. HP: 18/18 MP: 1/1
    92 | D:1      | Slain by a jackal

Illustrated notes

Levels and vault maps discovered:
D:1:      dpeg_arrival_leaves_temple_mockup, layout_basic

Skill      XL: |  1 |
---------------+----+-----
Long Blades    | 3 |  3.1
Fighting       | |  3.0
Dodging        | |  2.6
Stealth        | |  1.7

Action                   || total
-------------------------++-------
Melee: Falchion          ||    16
Armor: Robe              ||     3
Dodge: Dodged            ||    10
